 Dungeon Crawl Stone Soup version 0.28-a0-1510-gd0f6b136d3 (webtiles) character file.

Game seed: 13461898181365746140

13493 tatocazan the Basher (level 12, -5/77 HPs)
             Began as a Gargoyle Fighter on Jan 15, 2022.
             Was a High Priest of Okawaru.
             Slain by Vuothrul's ghost (12 damage)
             ... on level 2 of the Lair of Beasts.
             The game lasted 00:18:51 (16336 turns).

tatocazan the Basher (Gargoyle Fighter)            Turns: 16336, Time: 00:18:52

Health: -5/77      AC: 38    Str: 25    XL:     12   Next: 6%
Magic:  16/16      EV: 12    Int: 14    God:    Okawaru [*****.]
Gold:   608        SH:  7    Dex: 14    Spells: 11/11 levels left

rFire   + . .      SeeInvis .   g - +3 morningstar of Maifuboe {chaos, rElec Int+5 Dex+5}
rCold   . . .      Faith    .   c - +0 buckler
rNeg    + + .      Spirit   .   m - +1 plate armour
rPois   ∞          Reflect  .   s - +1 hat
rElec   +          Harm     .   e - +0 cloak
rCorr   +          Rampage  .   C - +2 pair of gloves of Happy Babbling {-Cast rF+ rN+}
Will    .....      NoCast   +   D - +0 pair of boots
Stlth   ..........              (no amulet)
HPRegen 0.22/turn               t - +4 ring of protection
MPRegen 0.15/turn               y - ring "Bushraryh" {Contam Fly rElec rPois rCorr}

@: about to teleport, heroic, flying
A: sickness immunity, AC +8, negative energy resistance 1, electricity
resistance, torment resistance 1, petrification resistance
a: Renounce Religion, Heroism, Finesse, Duel


You were on level 2 of the Lair of Beasts.
You worshipped Okawaru.
Okawaru was extremely pleased with you.
You visited 3 branches of the dungeon, and saw 13 of its levels.
You also visited: Ossuary.

You collected 608 gold pieces.

Inventory:

Hand Weapons
 a - a +0 flail
 f - a +1 whip of venom
 g - the +3 morningstar of Maifuboe (weapon) {chaos, rElec Int+5 Dex+5}
   (You subdued it on level 1 of the Lair of Beasts)

   Each time it hits an enemy it has a different, random effect.
   Int:       It affects your intelligence (+5).
   Dex:       It affects your dexterity (+5).
   rElec:     It insulates you from electricity.
 B - a +1 flail of draining
Armour
 c - a +0 buckler (worn)
 e - a +0 cloak (worn)
 m - a +1 plate armour (worn)
 s - a +1 hat (worn)
 C - the +2 pair of gloves of Happy Babbling (worn) {-Cast rF+ rN+}
   (You found it on level 7 of the Dungeon)

   rF:        It protects you from fire.
   rN:        It protects you from negative energy.
   -Cast:     It prevents spellcasting.
 D - a +0 pair of boots (worn)
Jewellery
 t - a +4 ring of protection (left hand)
 y - the ring "Bushraryh" (right hand) {Contam Fly rElec rPois rCorr}
   (You acquired it on level 7 of the Dungeon)

   [ring of resist corrosion]

   rElec:     It insulates you from electricity.
   rPois:     It protects you from poison.
   Fly:       It grants you flight.
   Contam:    It causes magical contamination when unequipped.
   rCorr:     It protects you from acid and corrosion.
 E - an amulet of regeneration
 H - a ring of resist corrosion
Wands
 d - a wand of digging (4)
 j - a wand of paralysis (18)
 J - a wand of polymorph (5)
Scrolls
 h - a scroll of amnesia
 k - 5 scrolls of immolation
 r - 4 scrolls of fear
 A - 4 scrolls of identify
 F - a scroll of magic mapping
Potions
 b - 2 potions of magic
 l - a potion of attraction {unknown}
 n - a potion of haste
 o - 3 potions of brilliance {unknown}
 p - 2 potions of mutation
 q - 2 potions of degeneration
 u - a potion of might
 v - 5 potions of curing
 x - 2 potions of resistance {unknown}
 z - 3 potions of lignification {unknown}
 G - a potion of flight {unknown}


   Skills:
 + Level 9.9(14.9) Fighting
 * Level 11.4(16.4) Maces & Flails
 + Level 9.8(14.8) Armour
 + Level 6.0(11.0) Dodging
 - Level 5.6(10.6) Shields
 + Level 5.7 Invocations


You had 11 spell levels left.
You didn't know any spells.
Your spell library contained the following spells:

 Spells                   Type           Power      Damage    Failure   Level
 Portal Projectile        Hex/Tloc       0%         N/A       100%        3
 Blade Hands              Tmut           0%         N/A       100%        5
 Excruciating Wounds      Necr           0%         N/A       100%        5


Dungeon Overview and Level Annotations

Branches:
Dungeon (10/15)            Temple (1/1) D:7            Lair (2/6) D:9
Ossuary (visited)
  Swamp: Lair:2-4    Shoals: Lair:2-4     Snake: Lair:2-4    Spider: Lair:2-4
    Orc: D:9-12

Altars:
Ashenzari
Cheibriados
Dithmenos
Elyvilon
Fedhas
Gozag
Hepliaklqana
Kikubaaqudgha
Makhleb
Nemelex Xobeh
Okawaru
Qazlal
Ru
Sif Muna
Trog
Uskayaw
Vehumet
Wu Jian
Xom
Yredelemnul
Zin
The Shining One

Annotations:
Lair:2 Vuothrul's ghost, journeyman GrGl


Innate Abilities, Weirdness & Mutations

You are immune to sickness and miasma.
Your stone body is resilient. (AC +8)
You are immune to poison.
You resist negative energy. (rN+)
You are resistant to electric shocks. (rElec)
You are resistant to unholy torment.
You are immune to petrification.


Message History

The bat barely misses you. x3; The bat misses you.
Vuothrul's ghost hits you!
* * * LOW HITPOINT WARNING * * *
The bat barely misses you. x2
Vuothrul's ghost hits you but does no damage.
You take 8 damage, and have 21/77 hp.
You miss Vuothrul's ghost.
Vuothrul's ghost is severely damaged.
The bat barely misses you. You block the bat's attack.
Vuothrul's ghost hits you but does no damage.
The bat misses you.
You barely miss Vuothrul's ghost.
Vuothrul's ghost is severely damaged.
The bat closely misses you. The bat hits you but does no damage.
The bat closely misses you. x2
Vuothrul's ghost hits you but does no damage.
The bat closely misses you.
You miss Vuothrul's ghost.
Vuothrul's ghost is severely damaged.
The bat hits you but does no damage. x3; The bat closely misses you.
You block the bat's attack. The bat hits you but does no damage.
Vuothrul's ghost closely misses you.
You hit Vuothrul's ghost.
Vuothrul's ghost flickers and vanishes!
Deactivating autopickup; reactivate with Ctrl-A.
The bat hits you but does no damage. The bat misses you. x2
You block the bat's attack. The bat hits you but does no damage.
Something hits you but does no damage.
You barely miss something. The bat hits you but does no damage.
The bat barely misses you. The bat closely misses you. Something hits you!
* * * LOW HITPOINT WARNING * * *
The bat completely misses you.
You take 15 damage, and have 7/77 hp.
You miss something. You block the bat's attack. The bat closely misses you.
Something completely misses you. The bat closely misses you.
The bat barely misses you. You block the bat's attack.
As you read the scroll of teleportation, it crumbles to dust.
You feel strangely unstable. The bat hits you but does no damage.
The bat barely misses you. The bat hits you but does no damage. x2
The bat closely misses you. The bat hits you but does no damage.
Something hits you!
You die...

............##
................#
.................##
...................##
........................
........................
................b{......
.#..............@b.....#
........[......bb#######
.>.#.#...........#
....#............#
###............###
.................##.#
.......†###.........#
........#$##.....####
........'_.#....##


You could see 4 bats.

Vanquished Creatures
  2 hydras (Lair:1)
  A tengu warrior (D:10)
  A dancing weapon (Lair:1)
  A skeletal warrior (D:10)
  Pikel (D:3)
  A deep elf pyromancer (D:10)
  Maggie (D:6)
  Psyche (D:8)
  4 cane toads
  3 komodo dragons
  A hornet (D:9)
  A meliai zombie (D:10)
  4 wyverns
  8 yaks
  3 basilisks (D:9)
  Edmund (D:6)
  4 acid dragons
  7 water moccasins
  A hornet zombie (D:8)
  A sky beast (D:6)
  Duvessa (D:5)
  A black bear (Lair:1)
  3 orc warriors
  2 necrophages
  2 centaurs
  A phantom (D:5)
  4 kobold brigands
  3 bullfrogs
  2 gnoll sergeants
  2 scorpions
  A wyvern zombie (D:6)
  2 water moccasin zombies (D:4)
  2 wyvern skeletons
  A water moccasin skeleton (D:5)
  Dowan (D:5)
  8 killer bees
  4 wights (D:9)
  4 howler monkeys
  5 centaur zombies
  A bullfrog zombie (D:6)
  2 orc priests
  3 bullfrog skeletons
  2 jellies
  A centaur skeleton (D:7)
  A scorpion zombie (D:4)
  4 hounds
  4 iguanas
  4 orc wizards
  2 hound zombies (D:4)
  2 hound skeletons (D:4)
  3 mummies (Ossuary)
  Robin (D:2)
  10 gnolls
  4 adders
  2 shadow imps (D:5)
  A white imp (D:6)
  6 adder zombies
  An adder skeleton (D:4)
  2 worms
  A dart slug (D:4)
  12 orcs
  7 ball pythons
  6 bats
  2 endoplasms
  3 giant cockroaches
  12 goblins
  12 hobgoblins
  4 jackals (D:4)
  20 kobolds
  4 quokkas
  A frilled lizard (D:3)
  3 gnoll zombies (Ossuary)
  6 goblin zombies
  A hobgoblin zombie (Ossuary)
  3 kobold zombies (Ossuary)
  4 rats
  3 rat zombies (Ossuary)
256 creatures vanquished.

Vanquished Creatures (others)
  2 yaks (D:10)
  3 fungi
  19 plants
  A withered plant (D:4)
25 creatures vanquished.

Grand Total: 281 creatures vanquished

Notes
Turn   | Place    | Note
-------+----------+-------------------------------------------
     0 | D:1      | tatocazan the Gargoyle Fighter began the quest for the Orb.
     0 | D:1      | Reached XP level 1. HP: 14/14 MP: 1/1
   277 | D:1      | Reached XP level 2. HP: 19/19 MP: 2/2
   804 | D:2      | Noticed Robin
   811 | D:2      | Killed Robin
   812 | D:2      | Reached XP level 3. HP: 23/23 MP: 3/3
  1488 | D:2      | Reached XP level 4. HP: 22/29 MP: 4/4
  2286 | D:3      | Reached skill level 3 in Maces & Flails
  2286 | D:3      | Reached XP level 5. HP: 31/33 MP: 5/5
  2398 | D:3      | Found a snail-covered altar of Cheibriados.
  2580 | D:3      | Found a faded altar of an unknown god.
  3025 | D:4      | Reached XP level 6. HP: 31/39 MP: 6/6
  3122 | D:4      | Noticed Pikel
  3164 | D:3      | Killed Pikel
  3165 | D:3      | Reached skill level 5 in Fighting
  3165 | D:3      | Reached skill level 4 in Maces & Flails
  3165 | D:3      | Reached skill level 5 in Armour
  3165 | D:3      | Reached skill level 5 in Shields
  3165 | D:3      | Reached XP level 7. HP: 13/44 MP: 7/7
  3540 | D:4      | Reached XP level 8. HP: 48/51 MP: 8/8
  3652 | D:4      | Found a shimmering altar of Xom.
  3652 | D:4      | Found a basalt altar of Yredelemnul.
  3729 | D:4      | Reached skill level 5 in Maces & Flails
  3746 | D:4      | Reached skill level 1 in Dodging
  4194 | D:5      | Entered Level 5 of the Dungeon
  4929 | D:5      | Found a broken altar of Ashenzari.
  4947 | D:5      | Identified the +2 ring mail of Repulsion {rN++}
  5015 | D:5      | Reached skill level 6 in Maces & Flails
  5745 | D:6      | Reached XP level 9. HP: 38/56 MP: 9/9
  6003 | D:6      | Noticed Maggie
  6717 | D:6      | Killed Maggie
  6718 | D:6      | Reached skill level 7 in Maces & Flails
  7389 | D:6      | Noticed Duvessa
  7389 | D:6      | Noticed Dowan
  7389 | D:6      | Noticed Edmund
  7462 | D:5      | Killed Duvessa
  7473 | D:5      | Killed Dowan
  7713 | D:6      | Killed Edmund
  8004 | D:7      | Identified a scroll of acquirement
  8158 | D:7      | Found a sand-covered staircase.
  8165 | Ossuary  | Entered an ossuary
  8550 | D:7      | Reached skill level 8 in Maces & Flails
  8752 | D:7      | Found a radiant altar of Vehumet.
  8841 | D:7      | Reached XP level 10. HP: 48/64 MP: 10/10
  8955 | D:7      | Found a stormy altar of Qazlal.
  9024 | D:7      | Identified the +2 pair of gloves of Happy Babbling {-Cast
                  | rF+ rN+}
  9111 | D:7      | Found a staircase to the Ecumenical Temple.
  9216 | Temple   | Entered the Ecumenical Temple
  9489 | Temple   | Became a worshipper of Warmaster Okawaru
  9683 | D:8      | Found a shadowy altar of Dithmenos.
  9684 | D:8      | Noticed Psyche
  9717 | D:8      | Killed Psyche
  9718 | D:8      | Reached skill level 1 in Invocations
 10249 | D:8      | Found a sparkling altar of Nemelex Xobeh.
 10931 | D:9      | Reached * piety under Okawaru
 10932 | D:9      | Reached skill level 9 in Maces & Flails
 11653 | D:9      | Found a white marble altar of Elyvilon.
 11758 | D:9      | Reached ** piety under Okawaru
 11855 | D:9      | Found a staircase to the Lair.
 12308 | D:10     | Entered Level 10 of the Dungeon
 12368 | D:10     | Noticed a deep elf pyromancer
 12368 | D:10     | Noticed a skeletal warrior
 12369 | D:10     | Noticed a tengu warrior
 12428 | D:10     | Killed a tengu warrior
 12428 | D:10     | Reached *** piety under Okawaru
 12429 | D:10     | Reached XP level 11. HP: 48/69 MP: 13/13
 12452 | D:9      | Reached skill level 10 in Maces & Flails
 12647 | D:9      | Reached skill level 5 in Dodging
 12852 | D:9      | Acquired the ring "Bushraryh" {Contam Fly rElec rPois
                  | rCorr}
 13117 | D:10     | Reached **** piety under Okawaru
 13282 | D:10     | Killed a deep elf pyromancer
 13698 | D:10     | Killed a skeletal warrior
 13760 | D:10     | Noticed a death knight
 14007 | Lair:1   | Entered Level 1 of the Lair of Beasts
 14250 | Lair:1   | Reached ***** piety under Okawaru
 14393 | Lair:1   | Noticed an eight-headed hydra
 14402 | Lair:1   | Killed an eight-headed hydra
 14403 | Lair:1   | Reached skill level 11 in Maces & Flails
 14403 | Lair:1   | Reached skill level 5 in Invocations
 14694 | Lair:1   | Found a radiant altar of Vehumet.
 15081 | Lair:2   | Noticed a six-headed hydra
 15113 | Lair:1   | Killed a six-headed hydra
 15943 | Lair:2   | Found a runed translucent door.
 15945 | Lair:2   | Found a shimmering altar of Xom.
 15945 | Lair:2   | Noticed Vuothrul's ghost (journeyman GrGl)
 15945 | Lair:2   | Identified the +3 morningstar of Maifuboe {chaos, rElec
                  | Int+5 Dex+5}
 15945 | Lair:2   | Noticed a +3 morningstar of Maifuboe {chaos, rElec Int+5
                  | Dex+5}
 16060 | Lair:2   | Reached XP level 12. HP: 71/77 MP: 16/16
 16336 | Lair:2   | Slain by Vuothrul's ghost

Illustrated notes

Levels and vault maps discovered:
D:1:      roderic_crop_circles_arrival_small, layout_loops_cross
D:2:      layout_basic, serial_corexii_hall, corexii_hall_statues_deadend,
          corexii_hall_statues_l, uniq_robin
D:3:      layout_basic, nicolae_overflow_crystal_walls,
          shapermc_ecumenical_altar_mp_highgroup, kennysheep_generic_room_16
D:4:      layout_rooms, chequers_temple_overflow_statue_of_worship,
          serial_undead, serial_undead_d, serial_undead_e, serial_undead_d,
          serial_undead_f, serial_undead_b, uniq_pikel
D:5:      layout_gridville, ashenzari_conservatory_becter
D:6:      layout_rooms, bh_walls_and_bars, uniq_maggie, uniq_duvessa,
          uniq_edmund
D:7:      layout_rooms, mainiacjoe_overflow_cross_hatched,
          general_overflow_altar, minmay_temple_entry_grid, enter_ossuary_4,
          kennysheep_generic_room_13
D:8:      layout_cave_pools, nicolae_dithmenos_the_darkroom, lemuel_round_altar,
          kennysheep_nondescript, uniq_psyche
D:9:      layout_roguey, kennysheep_mini, erik_lair_dragon,
          dreamdust_deal_with_the_devil
D:10:     minmay_the_grid_net [minmay_the_grid_gridbox, minmay_the_grid_garden,
          minmay_the_grid_medium_cups, minmay_the_grid_aliased_spiral,
          minmay_the_grid_slots, minmay_the_grid_prize_big_room],
          layout_small_grid, uniq_nergalle, uniq_erica
Temple:   oiseaux_autumnal_temple
Lair:1:   layout_gridlike, basic_altar
Lair:2:   dragon1_lemuel, layout_cave_pods, basic_altar, ebering_ghost_xom,
          infiniplex_staircase_pool, grunt_megastairs_4

Skill      XL: |  1  2  3  4  5  6  7  8  9 10 11 12 |
---------------+-------------------------------------+-----
Fighting       | 4 5 6 7 8 9 |  9.9
Shields        | 4 5 |  5.6
Armour         | 4 5 6 7 8 9 |  9.8
Maces & Flails | 3 4 6 8 9 11 | 11.4
Dodging        | 2 3 4 5 6 |  6.0
Invocations    | 3 5 |  5.7

Action                   |  1- 3 |  4- 6 |  7- 9 | 10-12 || total
-------------------------+-------+-------+-------+-------++-------
Melee: Flail             |    90 |   151 |       |   151 ||   392
       Whip              |       |       |   717 |   570 ||  1287
       Unarmed           |       |       |       |     1 ||     1
       Morningstar       |       |       |       |    26 ||    26
Throw: Throwing net      |       |       |       |     2 ||     2
Invok: Heroism           |       |       |       |     2 ||     2
Evoke: Wand              |       |       |     1 |     5 ||     6
  Use: Potion            |       |     3 |     1 |     4 ||     8
       Scroll            |       |       |    17 |     5 ||    22
 Stab: Invisible         |       |       |     5 |     2 ||     7
       Held in net/web   |       |       |       |     2 ||     2
Armor: Scale mail        |    53 |     7 |       |       ||    60
       Plate armour      |       |   136 |   426 |   641 ||  1203
       Skin              |       |     1 |       |       ||     1
Dodge: Dodged            |    45 |    39 |   193 |   321 ||   598
Block: Buckler           |    17 |    38 |   165 |   182 ||   402

Table legend: (Time is in decaauts)
 A = Elapsed time spent in this place.
 B = Non-inter-level travel time spent in this place.
 C = Inter-level travel time spent in this place.
 D = Time resting spent in this place.
 E = Time spent auto-exploring this place.
 F = Levels seen in this place.
 G = Mean time per level.
                   A        B        C        D        E       F      G
               +--------+--------+--------+--------+--------+-----+--------+
         Total |  16049 |  15507 |    542 |   5985 |   6923 |  14 | 1146.4 |
       Dungeon |  13202 |  12748 |    454 |   4760 |   5779 |  10 | 1320.2 |
        Temple |    320 |    237 |     83 |      0 |    214 |   1 |  320.0 |
          Lair |   2288 |   2285 |      3 |   1225 |    792 |   2 | 1144.0 |
       Ossuary |    237 |    237 |      0 |      0 |    137 |   1 |  237.0 |
               +--------+--------+--------+--------+--------+-----+--------+

Top non-repeatable levels by time:
     D:9: 2791 daAuts
     D:6: 2215 daAuts
  Lair:1: 1849 daAuts
     D:2: 1525 daAuts
     D:5: 1524 daAuts
     D:7: 1377 daAuts
     D:3: 1185 daAuts
     D:4: 877 daAuts
     D:1: 663 daAuts
     D:8: 597 daAuts
    D:10: 444 daAuts
  Lair:2: 439 daAuts
  Temple: 320 daAuts
 Ossuary: 237 daAuts
